 Dungeon Crawl Stone Soup version 0.30-a0-956-gcec3b41aec (webtiles) character file.

Game seed: 6478904073441141683

146 ragingrage the Gusty (level 5, -1/29 HPs)
             Began as a Tengu Air Elementalist on Mar 29, 2023.
             Slain by a black bear (2 damage)
             ... on level 6 of the Dungeon.
             The game lasted 00:02:46 (2976 turns).

ragingrage the Gusty (Tengu Air Elementalist)       Turns: 2976, Time: 00:02:47

Health: -1/29      AC:  3    Str:  8    XL:     5   Next: 28%
Magic:  4/9        EV: 14    Int: 17    God:
Gold:   173        SH:  0    Dex: 15    Spells: 0/8 levels left

rFire   . . .      SeeInvis .    g - +0 short sword
rCold   . . .      Faith    .    (no shield)
rNeg    . . .      Spirit   .    f - +0 leather armour
rPois   .          Reflect  .    (helmet restricted)
rElec   .          Rampage  .    (no cloak)
rCorr   .                        (no gloves)
Will    .....                    (boots unavailable)
Stlth   ++                       (no amulet)
HPRegen 0.24/turn                (no ring)
MPRegen 0.11/turn                (no ring)

@: flying quickly and evasively, quick
A: beak, talons 3, nimble flight
a: no special abilities


You were on level 6 of the Dungeon.
You visited 1 branch of the dungeon, and saw 5 of its levels.

You collected 173 gold pieces.

Inventory:

Hand Weapons
 g - a +0 short sword (weapon)
Missiles
 d - 4 atropa-tipped darts
 r - 2 poisoned darts
Armour
 f - a +0 leather armour (worn)
 h - a +0 cloak
Jewellery
 m - the ring "Veydd" {+Blink rPois Str+3 Int-3 Dex+3}
   (You found it on level 2 of the Dungeon)

   [ring of poison resistance]

   Str:       It affects your strength (+3).
   Int:       It affects your intelligence (-3).
   Dex:       It affects your dexterity (+3).
   rPois:     It protects you from poison.
   +Blink:    It lets you blink.
 o - a ring of positive energy
 t - a +5 ring of evasion
Scrolls
 c - 2 scrolls of magic mapping {unknown}
 e - a scroll of enchant weapon {unknown}
 j - 4 scrolls of identify {unknown}
 k - 2 scrolls of poison {unknown}
 p - a scroll of acquirement {unknown}
 q - a scroll of noise {unknown}
 s - a scroll of immolation {unknown}
 u - 2 scrolls of amnesia {unknown}
Potions
 a - a potion of haste
 b - 2 potions of magic
 i - 2 potions of cancellation {unknown}
 l - a potion of attraction {unknown}
 n - 2 potions of brilliance {unknown}
 v - a potion of flight {unknown}
 w - a potion of curing {unknown}


   Skills:
 - Level 1.0 Fighting
 - Level 2.1 Dodging
 - Level 2.0 Stealth
 - Level 2.0 Spellcasting
 + Level 4.4 Conjurations
 + Level 6.0 Air Magic


You couldn't memorise any spells.
You knew the following spells:

 Your Spells              Type           Power      Damage    Failure   Level
a - Shock                 Conj/Air       76%        1d7       3%          1
b - Static Discharge      Conj/Air       38%        2-4/arc   4%          2
c - Swiftness             Air            22%        N/A       7%          3
d - Poisonous Vapours     Pois/Air       24%        N/A       12%         2

Your spell library contained the following spells:

 Spells                   Type           Power      Damage    Failure   Level
 Foxfire                  Conj/Fire      36%        2x1d3     12%         1
 Airstrike                Air            11%        2d(2-18)  24%         4
 Sting                    Tmut/Pois      4%         1d3       28%         1
 Ignite Poison            Fire/Tmut/Pois 1%         N/A       63%         3
 Olgreb's Toxic Radiance  Pois           1%         N/A       95%         4
 Petrify                  Tmut/Erth      1%         N/A       95%         4
 Chain Lightning          Conj/Air       9%         3d12      100%        9


Dungeon Overview and Level Annotations

Branches:
Dungeon (4/15)
 Temple: D:4-7

Altars:


Innate Abilities, Weirdness & Mutations

You have a beak for a mouth.
You have claws for feet.
Your magical nature lets you fly swiftly and evasively.


Message History

You now have 173 gold pieces (gained 17).
A black bear comes into view.
The black bear growls angrily.
A black bear is nearby!
The black bear misses you. The black bear claws you.
The black bear completely misses you. The black bear barely misses you.
The black bear claws you. The black bear barely misses you.
The black bear bites you.
The black bear claws you but does no damage.
The black bear claws you.
Aiming: Shock (safe; 3% risk of failure)
The zap misses the black bear.
The zap hits the black bear.
The black bear bites you but does no damage.
The black bear misses you.
The black bear claws you but does no damage.
Aiming: Shock (safe; 3% risk of failure)
The zap hits the black bear but does no damage.
The zap hits the black bear.
The black bear bites you.
The black bear claws you but does no damage.
The black bear closely misses you.
Aiming: Shock (safe; 3% risk of failure)
The zap hits the black bear. x2
The black bear bites you!
* * * LOW HITPOINT WARNING * * *
The black bear claws you.
* * * LOW HITPOINT WARNING * * *
The black bear claws you but does no damage.
Aiming: Shock (safe; 3% risk of failure)
The zap hits the black bear.
The zap hits the black bear!
The black bear bites you.
* * * LOW HITPOINT WARNING * * *
The black bear barely misses you. The black bear closely misses you.
Aiming: Shock (safe; 3% risk of failure)
The zap hits the black bear. x2
The black bear bites you.
* * * LOW HITPOINT WARNING * * *
The black bear misses you. The black bear claws you.
You die...

.# #.###########
##.#........#
##...........##
#.......h.....##
#.......@......#
##..............#
#...............##
##................###
#...............#...#
#..#...........####..#
.... ##.........## ###
.... #.......### ..h
###.#####


You could see a black bear.

Vanquished Creatures
  An iguana (D:2)
  An adder (D:4)
  4 gnolls (D:3)
  4 dart slugs
  2 orcs
  5 ball pythons
  5 endoplasms
  A giant cockroach (D:3)
  4 goblins
  3 hobgoblins
  3 jackals (D:4)
  5 kobolds
  5 quokkas
  4 bats
  2 frilled lizards
  12 rats
61 creatures vanquished.

Notes
Turn   | Place    | Note
-------+----------+-------------------------------------------
     0 | D:1      | ragingrage the Tengu Air Elementalist began the quest for
                  | the Orb.
     0 | D:1      | Reached XP level 1. HP: 10/10 MP: 4/4
   149 | D:1      | Reached XP level 2. HP: 15/15 MP: 1/6
   707 | D:2      | Got Sif Muna's Spellbook of Vicissitude and the Shot
   720 | D:2      | Reached XP level 3. HP: 18/19 MP: 0/7
   838 | D:2      | Reached skill level 5 in Air Magic
  1065 | D:2      | Identified the ring "Veydd" {+Blink rPois Str+3 Int-3
                  | Dex+3}
  1255 | D:2      | Reached XP level 4. HP: 24/24 MP: 5/8
  1258 | D:2      | Learned a level 2 spell: Static Discharge
  1262 | D:2      | Learned a level 3 spell: Swiftness
  1434 | D:2      | Reached skill level 1 in Fighting
  2288 | D:3      | Gained mutation: Your magical nature lets you fly swiftly
                  | and evasively. [Tengu growth]
  2288 | D:3      | Reached XP level 5. HP: 16/29 MP: 6/9
  2738 | D:4      | Reached skill level 6 in Air Magic
  2819 | D:4      | Learned a level 2 spell: Poisonous Vapours
  2933 | D:4      | You are sucked into a shaft and drop 2 floors!
  2944 | D:6      | Noticed a black bear
  2976 | D:6      | HP: 1/29 [black bear (3)]
  2976 | D:6      | Slain by a black bear

Illustrated notes

Levels and vault maps discovered:
D:1:      nzn_arrival_crosshair, layout_rooms
D:2:      layout_basic
D:3:      layout_loops_cross, minivault_11
D:4:      layout_basic, ashenzari_altar_1, marbit_many_paths,
          ebering_ghost_rock_garden, minivault_26, uniq_blork_the_orc
D:6:      layout_cave_pods, minmay_temple_entry_ruins, kennysheep_small_circle

Skill      XL: |  1  2  3  4  5 |
---------------+----------------+-----
Conjurations   | 2 3 4 |  4.4
Air Magic      | 5 6 |  6.0
Fighting       | 1 |  1.0
Dodging        | |  2.1
Stealth        | |  2.0
Spellcasting   | |  2.0

Action                     |  1- 3 |  4- 6 || total
---------------------------+-------+-------++-------
  Melee: Short sword       |     5 |     2 ||     7
         Mace              |     2 |       ||     2
         Peck              |     2 |       ||     2
         Kick              |     1 |       ||     1
   Cast: Shock             |    49 |    73 ||   122
   Stab: Sleeping          |     1 |       ||     1
 Armour: Leather armour    |     4 |     5 ||     9
  Dodge: Dodged            |     6 |    14 ||    20

Table legend: (Time is in decaauts)
 A = Elapsed time spent in this place.
 B = Non-inter-level travel time spent in this place.
 C = Inter-level travel time spent in this place.
 D = Time resting spent in this place.
 E = Time spent auto-exploring this place.
 F = Levels seen in this place.
 G = Mean time per level.
                   A        B        C        D        E       F      G
               +--------+--------+--------+--------+--------+-----+--------+
         Total |   2930 |   2848 |     82 |    362 |   2098 |   5 |  586.0 |
       Dungeon |   2930 |   2848 |     82 |    362 |   2098 |   5 |  586.0 |
               +--------+--------+--------+--------+--------+-----+--------+

Top non-repeatable levels by time:
     D:3: 1079 daAuts
     D:2: 916 daAuts
     D:1: 650 daAuts
     D:4: 244 daAuts
     D:6: 39 daAuts
